 Dungeon Crawl Stone Soup version 0.26-a0-1184-g95e395e029 (webtiles) character file.

Game seed: 8946541100924379650

45 runemasterragnar the Sneak (level 3, -3/33 HPs)
             Began as a Minotaur Delver on Dec 27, 2020.
             Slain by a gnoll
             ... wielding a +0 spear
              (7 damage)
             ... on level 5 of the Dungeon.
             The game lasted 00:00:58 (112 turns).

runemasterragnar the Sneak (Minotaur Delver)         Turns: 112, Time: 00:00:59

Health: -3/33      AC:  3    Str: 17    XL:     3   Next: 42%
Magic:  2/2        EV: 12    Int:  7    God:
Gold:   0          SH:  0    Dex: 11    Spells: 2/2 levels left

rFire    . . .     SeeInvis .   a - +0 war axe
rCold    . . .     Faith    .   (no shield)
rNeg     . . .     Spirit   .   b - +0 leather armour
rPois    .         Reflect  .   (helmet restricted)
rElec    .         Harm     .   (no cloak)
rCorr    .         Rampage  .   (no gloves)
Will     .....                  (no boots)
Stlth    ++........             (no amulet)
HPRegen  0.11/turn              (no ring)
MPRegen  0.08/turn              (no ring)

@: no status effects
A: retaliatory headbutt, horns 2
a: no special abilities


You were on level 5 of the Dungeon.
You visited 1 branch of the dungeon, and saw 1 of its levels.

Inventory:

Hand Weapons
 a - a +0 war axe (weapon)
Armour
 b - a +0 leather armour (worn)
Wands
 g - a wand of digging (1)
Scrolls
 c - a scroll of fog
 d - a scroll of magic mapping
 e - a scroll of fear


   Skills:
 + Level 4.0 Fighting
 * Level 3.1 Axes
 + Level 0.7 Armour
 + Level 2.4 Dodging
 - Level 4.5 Stealth
 + Level 0.7 Unarmed Combat


You had 2 spell levels left.
You didn't know any spells.
Your spell library was empty.

Dungeon Overview and Level Annotations

Branches:
Dungeon (5/15)
 Temple: D:4-7

Altars:


Innate Abilities, Weirdness & Mutations

You reflexively headbutt those who attack you in melee.
You have a pair of horns on your head.


Message History

A rock wall.
The rock shatters into small pieces.
Evoke which item? (* to show all) (? for menu, Esc to quit)
Aiming: Dig
Press: ? - help, Shift-Dir - straight line A rock wall.
The rock shatters into small pieces.
The gnoll hits you from afar with a +0 spear.
* * * LOW HITPOINT WARNING * * *
The gnoll shaman calls upon its god to speed up the gnoll.
The gnoll seems to speed up.
Found a scroll labelled KIATHU IFIKKENT.
A leopard gecko comes into view.
Found an iron ring.
A sky beast comes into view.
An ogre comes into view. It is wielding a +0 giant club.
Found 14 gold pieces.
The gnoll shouts!
You hear an angry hiss.
The gnoll hits you from afar with a +0 spear!
You die...

##.#g## ##g###.## ##.## ##g##
##g## ##.## ##g## ##g##
#########g## ##.##
#...##...#############g###...
..........#...<...#.........#
................@.#.g.......#
..............g...#.....?...#
....................l......=#
.(................#...........
#....#.........####...........
####....#.###..# #...........
##.####..##..g. .O.........
##...# #...#..g. ..#.......
##....# #.. .#$.....#


You could see a gnoll.

Vanquished Creatures
  An orc wizard (D:5)
  An adder (D:5)
  An adder skeleton (D:5)
  4 orcs (D:5)
7 creatures vanquished.

Notes
Turn   | Place    | Note
-------+----------+-------------------------------------------
     0 | D:5      | runemasterragnar the Minotaur Delver began the quest for
                  | the Orb.
     0 | D:5      | Reached XP level 1. HP: 19/19 MP: 0/0
    11 | D:5      | Noticed an orc wizard
    17 | D:5      | Reached XP level 2. HP: 22/27 MP: 1/1
    31 | D:5      | Reached XP level 3. HP: 9/33 MP: 2/2
   106 | D:5      | Noticed a sky beast
   109 | D:5      | Noticed an ogre
   112 | D:5      | Slain by a gnoll

Illustrated notes

Levels and vault maps discovered:
D:5:      layout_rooms, dk_noncrumbling_2

Skill      XL: |  1  2 |
---------------+-------+-----
Fighting       | 4 |  4.0
Axes           | 3 |  3.1
Armour         | |  0.7
Dodging        | |  2.4
Stealth        | |  4.5
Unarmed Combat | |  0.7

Action                   || total
-------------------------++-------
Melee: Hand axe          ||    25
       Headbutt          ||     4
Evoke: Wand              ||     2
  Use: Potion            ||     1
Armor: Leather armour    ||     6
Dodge: Dodged            ||    12

Table legend: (Time is in decaauts)
 A = Elapsed time spent in this place.
 B = Non-inter-level travel time spent in this place.
 C = Inter-level travel time spent in this place.
 D = Time resting spent in this place.
 E = Time spent auto-exploring this place.
 F = Levels seen in this place.
 G = Mean time per level.
                   A        B        C        D        E       F      G
               +--------+--------+--------+--------+--------+-----+--------+
         Total |     97 |     97 |      0 |     21 |      1 |   1 |   97.0 |
       Dungeon |     97 |     97 |      0 |     21 |      1 |   1 |   97.0 |
               +--------+--------+--------+--------+--------+-----+--------+

Top non-repeatable levels by time:
     D:5: 97 daAuts
